 Dungeon Crawl Stone Soup version 0.25.0-9-g26727b657a (webtiles) character file.

Game seed: 14592525407136514803

1432 Aviak the Caller (level 8, 0/54 HPs)
             Began as an Octopode Summoner on June 17, 2020.
             Killed by divine providence
             ... invoked by an orc priest
              (11 damage)
             ... on level 6 of the Dungeon.
             The game lasted 00:13:43 (7530 turns).

Aviak the Caller (Octopode Summoner)                Turns: 7530, Time: 00:13:43

Health: 0/54       AC:  1    Str: 14    XL:     8   Next: 73%
Magic:  3/11       EV: 16    Int: 19    God:
Gold:   409        SH:  0    Dex: 18    Spells: 2/12 levels left

rFire    . . .     SeeInvis +     - Unarmed
rCold    . . .     Gourm    .   (no shield)
rNeg     + . .     Faith    .   (helmet restricted)
rPois    .         Spirit   .   e - amulet of the acrobat
rElec    .         Reflect  .   a - ring of flight
rCorr    .         Harm     .   Z - ring of see invisible
MR       .....                  o - ring of positive energy
Stlth    +++.......             i - +6 ring of dexterity
HPRegen  0.18/turn              B - +6 ring of strength
MPRegen  0.12/turn              (no ring)
                                (no ring)
                                (no ring)

@: no status effects
A: almost no armour, stealthy swim, amphibious, 8 rings, constrict 8, camouflage
1, gelatinous body 1
a: Evoke Flight


You were on level 6 of the Dungeon.
You were hungry.

You visited 2 branches of the dungeon, and saw 7 of its levels.
You also visited: Sewer.

You collected 409 gold pieces.

Inventory:

Jewellery
 a - a ring of flight (left tentacle)
 e - an amulet of the acrobat (around mantle)
 i - a +6 ring of dexterity (on tentacle)
 o - a ring of positive energy (on tentacle)
 B - a +6 ring of strength (on tentacle)
 Z - a ring of see invisible (right tentacle)
Wands
 j - a wand of polymorph (5)
 u - a wand of flame (15)
 y - a wand of enslavement (8)
 C - a wand of clouds (3)
Scrolls
 f - 2 scrolls of magic mapping
 n - 5 scrolls of enchant armour
 r - 3 scrolls of remove curse
 x - 2 scrolls of blinking
Potions
 d - a potion of ambrosia {unknown}
 g - 2 potions of degeneration {!q!q}
 h - 3 potions of heal wounds
 k - a potion of haste
 l - a potion of stabbing {unknown}
 m - a potion of cancellation {unknown}
 p - 2 potions of mutation {unknown}
 q - a potion of brilliance {unknown}
 s - 2 potions of berserk rage {unknown}
 v - 3 potions of flight {unknown}
 w - 2 potions of might {unknown}
 z - a potion of invisibility {unknown}
 A - 3 potions of magic
Comestibles
 b - 14 rations
 t - 2 chunks of flesh


   Skills:
 - Level 4.0 Fighting
 + Level 4.7 Dodging
 - Level 2.6 Stealth
 + Level 5.8 Unarmed Combat
 - Level 2.5 Spellcasting
 - Level 6.0 Summonings
 + Level 3.4 Ice Magic


You had 2 spell levels left.
You knew the following spells:

 Your Spells              Type           Power        Failure   Level  Hunger
a - Summon Small Mammal   Summ           ####         1%          1    #......
b - Call Imp              Summ           ####....     1%          2    ##.....
c - Call Canine Familiar  Summ           ####....     4%          3    ###....
d - Summon Ice Beast      Ice/Summ       ###.....     22%         4    #####..

Your spell library contained the following spells:

 Spells                   Type           Power        Failure   Level  Hunger
 Foxfire                  Conj/Fire      #...         16%         1    #......
 Summon Guardian Golem    Hex/Summ       ##......     14%         3    ###....
 Conjure Flame            Conj/Fire      #.......     43%         3    ###....
 Inner Flame              Hex/Fire       #.......     43%         3    ###....
 Summon Lightning Spire   Summ/Air       ##......     43%         4    #####..
 Sticky Flame             Conj/Fire      #.......     85%         4    #####..
 Fireball                 Conj/Fire      #.........   99%         5    ######.


Dungeon Overview and Level Annotations

Branches:
Dungeon (6/15)             Temple (1/1) D:6           Sewer (visited)

Altars:
Cheibriados
Dithmenos
Gozag
Hepliaklqana
Kikubaaqudgha
Makhleb
Nemelex Xobeh
Qazlal
Sif Muna
Uskayaw
Wu Jian
Zin
The Shining One


Innate Abilities, Weirdness & Mutations

You cannot wear most types of armour.
You are very stealthy in the water. (Stealth+)
You are amphibious.
You can wear up to eight rings at the same time.
You can use your tentacles to constrict eight enemies at once.
Your skin changes colour to match your surroundings (Stealth+).
Your rubbery body absorbs attacks. (AC +1, EV +1)


Message History

Beogh smites you!
* * * LOW HITPOINT WARNING * * *
Your crimson imp blinks!
Your hound bites the orc priest.
Your white imp hits the worker ant but does no damage.
Unknown command.
You feel better.
Your hound barely misses the orc priest.
The worker ant closely misses your white imp.
Your white imp hits the worker ant.
Your white imp freezes the worker ant.
Drop what? 29/52 slots (_ for help) (? for menu, Esc to quit)
Okay, then.
You closely miss the orc priest. Your grab misses the orc priest.
The orc priest is lightly wounded.
The worker ant bites your white imp.
Your white imp dies!
Your white imp misses the worker ant.
The orc priest invokes the aid of Beogh against you.
Beogh smites you!
You die...

#..[#......# ..#
##.##......# ...
#...#####..# ....
#....###.[.#..... # #
#.....#.(.##......
#.#.#.....(.(..#......
.....a.##..##.........
.....5......#(.......
.....ho@##.........#####
......5.##.......#......
.........##..........##.
##.......##..........#..
..............#.........
##...(..#.....###....##.
#......##....####.......
#..............#........
....###............


You could see a worker ant, an orc priest, a friendly hound (summoned), a
friendly crimson imp (summoned) and a friendly white imp (summoned).

Vanquished Creatures
  Maggie (D:6)
  Grinder (D:5)
  A water moccasin (D:4)
  A centaur (D:6)
  A big kobold (Sewer)
  2 crimson imps (D:5)
  2 hounds (D:5)
  2 orc priests
  Ijyb (D:5)
  2 iguanas
  A worker ant (D:4)
  Natasha (D:4)
  3 orc wizards
  7 adders
  2 river rats (Sewer)
  An adder skeleton (D:4)
  2 worms
  A dart slug (D:4)
  2 leopard geckos
  8 orcs
  8 bats
  3 giant cockroaches
  9 goblins
  4 hobgoblins
  3 jackals
  3 quokkas
  5 frilled lizards
  7 kobolds
  A leopard gecko skeleton (D:5)
  A leopard gecko zombie (D:5)
  10 rats
96 creatures vanquished.

Vanquished Creatures (collateral kills)
  Sigmund (D:4)
  A centaur (D:5)
  A jelly (D:5)
  Natasha (twice) (D:4)
  Terence (D:3)
  6 adders
  An ooze (D:3)
  A worm (D:3)
  2 dart slugs
  12 orcs
  A ball python (D:2)
  4 bats
  4 goblins
  3 hobgoblins (D:1)
  A jackal (Sewer)
  A frilled lizard (D:2)
  2 kobolds
  5 rats
49 creatures vanquished.

Vanquished Creatures (others)
  A quokka (D:6)
1 creature vanquished.

Grand Total: 146 creatures vanquished

Notes
Turn   | Place    | Note
-------+----------+-------------------------------------------
     0 | D:1      | Aviak the Octopode Summoner began the quest for the Orb.
     0 | D:1      | Reached XP level 1. HP: 11/11 MP: 3/3
   119 | D:1      | Reached XP level 2. HP: 8/17 MP: 1/5
   331 | D:1      | Learned a level 2 spell: Call Imp
  1010 | D:1      | Reached XP level 3. HP: 19/22 MP: 6/6
  1053 | D:1      | Learned a level 3 spell: Call Canine Familiar
  1191 | D:2      | Reached skill level 1 in Fighting
  1940 | D:2      | Reached skill level 1 in Unarmed Combat
  2148 | D:2      | Reached XP level 4. HP: 21/28 MP: 3/7
  2692 | D:3      | Noticed Terence
  2736 | D:3      | Killed Terence
  2857 | D:3      | Reached XP level 5. HP: 28/34 MP: 8/8
  3196 | D:3      | Reached skill level 5 in Summonings
  3521 | D:3      | Found a shimmering blue altar of Sif Muna.
  3954 | D:4      | Noticed Natasha
  3962 | D:4      | Killed Natasha
  3976 | D:4      | Noticed Natasha
  3988 | D:4      | Killed Natasha
  4198 | D:4      | Noticed Natasha
  4210 | D:4      | Killed Natasha
  4311 | D:4      | Noticed Sigmund
  4324 | D:4      | Killed Sigmund
  4324 | D:4      | Reached XP level 6. HP: 42/42 MP: 2/9
  4886 | D:4      | Noticed a water moccasin
  4912 | D:4      | Killed a water moccasin
  5038 | D:4      | Reached XP level 7. HP: 45/47 MP: 10/10
  5190 | D:5      | Entered Level 5 of the Dungeon
  5488 | D:5      | Reached skill level 6 in Summonings
  5581 | D:5      | Found a glowing golden altar of the Shining One.
  5665 | D:5      | Noticed Ijyb
  5675 | D:5      | Killed Ijyb
  5682 | D:5      | Found a glowing drain.
  5691 | Sewer    | Entered a sewer
  5977 | Sewer    | Found a white marble altar of Elyvilon.
  6017 | Sewer    | Learned a level 4 spell: Summon Ice Beast
  6361 | D:5      | Noticed Grinder
  6373 | D:5      | Killed Grinder
  6373 | D:5      | Reached skill level 5 in Unarmed Combat
  6373 | D:5      | Reached skill level 1 in Ice Magic
  6373 | D:5      | Reached XP level 8. HP: 40/54 MP: 2/11
  7062 | D:6      | Noticed Maggie
  7071 | D:6      | Found a staircase to the Ecumenical Temple.
  7123 | Temple   | Entered the Ecumenical Temple
  7265 | D:6      | Found a snail-covered altar of Cheibriados.
  7307 | D:6      | Killed Maggie
  7530 | D:6      | Killed from afar by an orc priest

Illustrated notes

Levels and vault maps discovered:
D:1:      dpeg_arrival_tiny_c, layout_rooms, minmay_misc_feat_nine_boxes,
          moated_statue, minmay_ruptured
D:2:      minmay_general_purpose_star, layout_rooms
D:3:      layout_rooms, lemuel_coloured_pillars_altar, minivault_5, uniq_terence
D:4:      minmay_chambers_of_fours, layout_rooms, uniq_sigmund, uniq_natasha
D:5:      layout_loops_cross, lemuel_doored_altar, first_ration,
          cheibrodos_sewer_entry_sluice, uniq_ijyb, uniq_grinder
D:6:      layout_cave_pools, fiery_altar_vehumet, lemuel_crystal_altar,
          fedhas_altar_decomposition, marbit_many_paths, temple_pool_b,
          uniq_maggie
Temple:   eino_wide_crystal_templ

Skill      XL: |  1  2  3  4  5  6  7  8 |
---------------+-------------------------+-----
Fighting       | 1 2 3 4 |  4.0
Unarmed Combat | 1 2 3 5 |  5.8
Summonings     | 5 6 |  6.0
Dodging        | 3 4 |  4.7
Ice Magic      | 1 3 |  3.4
Stealth        | |  2.6
Spellcasting   | |  2.5

Action                   |  1- 3 |  4- 6 |  7- 9 || total
-------------------------+-------+-------+-------++-------
Melee: Unarmed           |    85 |   119 |   123 ||   327
       Tentacles         |    12 |    17 |    39 ||    68
       Constrict         |    24 |    33 |    27 ||    84
       Punch             |       |     1 |     3 ||     4
 Cast: Summon Small Mamm |    21 |       |       ||    21
       Call Canine Famil |     4 |    13 |    12 ||    29
       Call Imp          |     3 |    13 |    18 ||    34
  Use: Scroll            |     1 |     2 |     7 ||    10
       Potion            |       |     4 |     1 ||     5
 Stab: Sleeping          |     6 |     3 |     5 ||    14
       Distracted        |       |     2 |       ||     2
  Eat: Chunk             |     3 |     7 |     2 ||    12
       Ration            |       |     2 |     2 ||     4
Armor: Skin              |    10 |    18 |     4 ||    32
Dodge: Dodged            |    69 |   103 |    74 ||   246
